Workbook
Name FYMonthStart: 'Ingresos (ventas)'!$AC$2
Name FYStartYear: 'Ingresos (ventas)'!$AD$2
Name Nombre_De_La_Empresa: 'Ingresos (ventas)'!$AD$1
Name Projection_Period_Title: 'Ingresos (ventas)'!$B$1
Name Título1: Ingresos[[#Headers],[INGRESOS (VENTAS)]]
Name Título2: Costodeventas[[#Headers],[COSTO DE VENTAS]]
Name Título3: tblExpenses[[#Headers],[GASTOS]]
Name Wksht_Title: 'Ingresos (ventas)'!$B$2

Sheet Ingresos (ventas)
B1: Doce meses | AD1: Nombre de la empresa
B2: PROYECCIÓN DE PÉRDIDAS Y BENEFICIOS | AB2: INICIO DEL AÑO FISCAL: | AC2: ENE | AD2: =YEAR(TODAY()) -> 2018
D3: =UPPER(TEXT(DATE(FYStartYear,FYMonthNo,1),"mmm-aa")) -> ENE-AA | E3: =UPPER(TEXT(DATE(FYStartYear,FYMonthNo+1,1),"mmm-aa")) -> FEB-AA | F3: =UPPER(TEXT(DATE(FYStartYear,FYMonthNo+2,1),"mmm-aa")) -> MAR-AA | G3: =UPPER(TEXT(DATE(FYStartYear,FYMonthNo+3,1),"mmm-aa")) -> ABR-AA | H3: =UPPER(TEXT(DATE(FYStartYear,FYMonthNo+4,1),"mmm-aa")) -> MAY-AA | I3: =UPPER(TEXT(DATE(FYStartYear,FYMonthNo+5,1),"mmm-aa")) -> JUN-AA | J3: =UPPER(TEXT(DATE(FYStartYear,FYMonthNo+6,1),"mmm-aa")) -> JUL-AA | K3: =UPPER(TEXT(DATE(FYStartYear,FYMonthNo+7,1),"mmm-aa")) -> AGO-AA | L3: =UPPER(TEXT(DATE(FYStartYear,FYMonthNo+8,1),"mmm-aa")) -> SEP-AA | M3: =UPPER(TEXT(DATE(FYStartYear,FYMonthNo+9,1),"mmm-aa")) -> OCT-AA | N3: =UPPER(TEXT(DATE(FYStartYear,FYMonthNo+10,1),"mmm-aa")) -> NOV-AA | O3: =UPPER(TEXT(DATE(FYStartYear,FYMonthNo+11,1),"mmm-aa")) -> DIC-AA | P3: ANUAL-MENTE | Q3: PORCENTAJE DE ÍNDICE | R3: =LEFT(D3,3)&" %" -> ENE % | S3: =LEFT(E3,3)&" %" -> FEB % | T3: =LEFT(F3,3)&" %" -> MAR % | U3: =LEFT(G3,3)&" %" -> ABR % | V3: =LEFT(H3,3)&" %" -> MAY % | W3: =LEFT(I3,3)&" %" -> JUN % | X3: =LEFT(J3,3)&" %" -> JUL % | Y3: =LEFT(K3,3)&" %" -> AGO % | ... AC3: =LEFT(O3,3)&" %" -> DIC % | AD3: PORCENTAJE ANUAL
B4: INGRESOS (VENTAS) | C4: TENDENCIA | D4: Ene | E4: Feb | F4: Mar | G4: Abr | H4: May | I4: Jun | J4: Jul | K4: Ago | L4: Sep | M4: Oct | N4: Nov | O4: Dic | P4: Anualmente | Q4: Porcentaje de índice | R4: Ene % | S4: Feb % | T4: Mar % | U4: Abr % | V4: May % | W4: Jun % | X4: Jul % | Y4: Ago % | Z4: Sep % | AA4: Oct % | AB4: Nov % | AC4: Dic % | AD4: Porcentaje anual
B5: Ingresos 1 | D5: 186 | E5: 108 | F5: 92 | G5: 122 | H5: 190 | I5: 71 | J5: 21 | K5: 37 | L5: 24 | M5: 178 | N5: 92 | O5: 97 | P5: =SUM(Ingresos[[#This Row],[Ene]:[Dic]]) -> 1218 | Q5: 0.12 | R5: =IFERROR(Ingresos[[#This Row],[Ene]]/Ingresos[[#Totals],[Ene]],"-") -> 0.29807692 | S5: =IFERROR(Ingresos[[#This Row],[Feb]]/Ingresos[[#Totals],[Feb]],"-") -> 0.14673913 | T5: =IFERROR(Ingresos[[#This Row],[Mar]]/Ingresos[[#Totals],[Mar]],"-") -> 0.11219512 | U5: =IFERROR(Ingresos[[#This Row],[Abr]]/Ingresos[[#Totals],[Abr]],"-") -> 0.19967267 | V5: =IFERROR(Ingresos[[#This Row],[May]]/Ingresos[[#Totals],[May]],"-") -> 0.23399015 | W5: =IFERROR(Ingresos[[#This Row],[Jun]]/Ingresos[[#Totals],[Jun]],"-") -> 0.12283737 | X5: =IFERROR(Ingresos[[#This Row],[Jul]]/Ingresos[[#Totals],[Jul]],"-") -> 0.035175879 | Y5: =IFERROR(Ingresos[[#This Row],[Ago]]/Ingresos[[#Totals],[Ago]],"-") -> 0.054814815 | Z5: =IFERROR(Ingresos[[#This Row],[Sep]]/Ingresos[[#Totals],[Sep]],"-") -> 0.032258065 | AA5: =IFERROR(Ingresos[[#This Row],[Oct]]/Ingresos[[#Totals],[Oct]],"-") -> 0.26138032 | AB5: =IFERROR(Ingresos[[#This Row],[Nov]]/Ingresos[[#Totals],[Nov]],"-") -> 0.12449256 | AC5: =IFERROR(Ingresos[[#This Row],[Dic]]/Ingresos[[#Totals],[Dic]],"-") -> 0.093000959 | AD5: =IFERROR(Ingresos[Anualmente]/Ingresos[[#Totals],[Anualmente]],"-") -> 0.14064665
B6: Ingresos 2 | D6: 15 | E6: 16 | F6: 198 | G6: 44 | H6: 25 | I6: 68 | J6: 43 | K6: 119 | L6: 37 | M6: 118 | N6: 29 | O6: 171 | P6: =SUM(Ingresos[[#This Row],[Ene]:[Dic]]) -> 883 | Q6: 0.18 | R6: =IFERROR(Ingresos[[#This Row],[Ene]]/Ingresos[[#Totals],[Ene]],"-") -> 0.024038462 | S6: =IFERROR(Ingresos[[#This Row],[Feb]]/Ingresos[[#Totals],[Feb]],"-") -> 0.02173913 | T6: =IFERROR(Ingresos[[#This Row],[Mar]]/Ingresos[[#Totals],[Mar]],"-") -> 0.24146341 | U6: =IFERROR(Ingresos[[#This Row],[Abr]]/Ingresos[[#Totals],[Abr]],"-") -> 0.072013093 | V6: =IFERROR(Ingresos[[#This Row],[May]]/Ingresos[[#Totals],[May]],"-") -> 0.030788177 | W6: =IFERROR(Ingresos[[#This Row],[Jun]]/Ingresos[[#Totals],[Jun]],"-") -> 0.11764706 | X6: =IFERROR(Ingresos[[#This Row],[Jul]]/Ingresos[[#Totals],[Jul]],"-") -> 0.072026801 | Y6: =IFERROR(Ingresos[[#This Row],[Ago]]/Ingresos[[#Totals],[Ago]],"-") -> 0.1762963 | Z6: =IFERROR(Ingresos[[#This Row],[Sep]]/Ingresos[[#Totals],[Sep]],"-") -> 0.049731183 | AA6: =IFERROR(Ingresos[[#This Row],[Oct]]/Ingresos[[#Totals],[Oct]],"-") -> 0.1732746 | AB6: =IFERROR(Ingresos[[#This Row],[Nov]]/Ingresos[[#Totals],[Nov]],"-") -> 0.039242219 | AC6: =IFERROR(Ingresos[[#This Row],[Dic]]/Ingresos[[#Totals],[Dic]],"-") -> 0.16395014 | AD6: =IFERROR(Ingresos[Anualmente]/Ingresos[[#Totals],[Anualmente]],"-") -> 0.10196305
B7: Ingresos 3 | D7: 166 | E7: 185 | F7: 89 | G7: 170 | H7: 131 | I7: 70 | J7: 50 | K7: 149 | L7: 179 | M7: 104 | N7: 119 | O7: 187 | P7: =SUM(Ingresos[[#This Row],[Ene]:[Dic]]) -> 1599 | Q7: 0.19 | R7: =IFERROR(Ingresos[[#This Row],[Ene]]/Ingresos[[#Totals],[Ene]],"-") -> 0.26602564 | S7: =IFERROR(Ingresos[[#This Row],[Feb]]/Ingresos[[#Totals],[Feb]],"-") -> 0.2513587 | T7: =IFERROR(Ingresos[[#This Row],[Mar]]/Ingresos[[#Totals],[Mar]],"-") -> 0.10853659 | U7: =IFERROR(Ingresos[[#This Row],[Abr]]/Ingresos[[#Totals],[Abr]],"-") -> 0.27823241 | V7: =IFERROR(Ingresos[[#This Row],[May]]/Ingresos[[#Totals],[May]],"-") -> 0.16133005 | W7: =IFERROR(Ingresos[[#This Row],[Jun]]/Ingresos[[#Totals],[Jun]],"-") -> 0.12110727 | X7: =IFERROR(Ingresos[[#This Row],[Jul]]/Ingresos[[#Totals],[Jul]],"-") -> 0.083752094 | Y7: =IFERROR(Ingresos[[#This Row],[Ago]]/Ingresos[[#Totals],[Ago]],"-") -> 0.22074074 | Z7: =IFERROR(Ingresos[[#This Row],[Sep]]/Ingresos[[#Totals],[Sep]],"-") -> 0.2405914 | AA7: =IFERROR(Ingresos[[#This Row],[Oct]]/Ingresos[[#Totals],[Oct]],"-") -> 0.15271659 | AB7: =IFERROR(Ingresos[[#This Row],[Nov]]/Ingresos[[#Totals],[Nov]],"-") -> 0.16102842 | AC7: =IFERROR(Ingresos[[#This Row],[Dic]]/Ingresos[[#Totals],[Dic]],"-") -> 0.17929051 | AD7: =IFERROR(Ingresos[Anualmente]/Ingresos[[#Totals],[Anualmente]],"-") -> 0.18464203
B8: Ingresos 4 | D8: 21 | E8: 113 | F8: 83 | G8: 17 | H8: 130 | I8: 26 | J8: 167 | K8: 102 | L8: 82 | M8: 33 | N8: 88 | O8: 193 | P8: =SUM(Ingresos[[#This Row],[Ene]:[Dic]]) -> 1055 | Q8: 0.11 | R8: =IFERROR(Ingresos[[#This Row],[Ene]]/Ingresos[[#Totals],[Ene]],"-") -> 0.033653846 | S8: =IFERROR(Ingresos[[#This Row],[Feb]]/Ingresos[[#Totals],[Feb]],"-") -> 0.15353261 | T8: =IFERROR(Ingresos[[#This Row],[Mar]]/Ingresos[[#Totals],[Mar]],"-") -> 0.10121951 | U8: =IFERROR(Ingresos[[#This Row],[Abr]]/Ingresos[[#Totals],[Abr]],"-") -> 0.027823241 | V8: =IFERROR(Ingresos[[#This Row],[May]]/Ingresos[[#Totals],[May]],"-") -> 0.16009852 | W8: =IFERROR(Ingresos[[#This Row],[Jun]]/Ingresos[[#Totals],[Jun]],"-") -> 0.044982699 | X8: =IFERROR(Ingresos[[#This Row],[Jul]]/Ingresos[[#Totals],[Jul]],"-") -> 0.27973199 | Y8: =IFERROR(Ingresos[[#This Row],[Ago]]/Ingresos[[#Totals],[Ago]],"-") -> 0.15111111 | Z8: =IFERROR(Ingresos[[#This Row],[Sep]]/Ingresos[[#Totals],[Sep]],"-") -> 0.11021505 | AA8: =IFERROR(Ingresos[[#This Row],[Oct]]/Ingresos[[#Totals],[Oct]],"-") -> 0.04845815 | AB8: =IFERROR(Ingresos[[#This Row],[Nov]]/Ingresos[[#Totals],[Nov]],"-") -> 0.11907984 | AC8: =IFERROR(Ingresos[[#This Row],[Dic]]/Ingresos[[#Totals],[Dic]],"-") -> 0.18504314 | AD8: =IFERROR(Ingresos[Anualmente]/Ingresos[[#Totals],[Anualmente]],"-") -> 0.12182448
B9: Ingresos 5 | D9: 70 | E9: 160 | F9: 125 | G9: 84 | H9: 191 | I9: 97 | J9: 52 | K9: 45 | L9: 173 | M9: 136 | N9: 144 | O9: 167 | P9: =SUM(Ingresos[[#This Row],[Ene]:[Dic]]) -> 1444 | Q9: 0.2 | R9: =IFERROR(Ingresos[[#This Row],[Ene]]/Ingresos[[#Totals],[Ene]],"-") -> 0.11217949 | S9: =IFERROR(Ingresos[[#This Row],[Feb]]/Ingresos[[#Totals],[Feb]],"-") -> 0.2173913 | T9: =IFERROR(Ingresos[[#This Row],[Mar]]/Ingresos[[#Totals],[Mar]],"-") -> 0.15243902 | U9: =IFERROR(Ingresos[[#This Row],[Abr]]/Ingresos[[#Totals],[Abr]],"-") -> 0.13747954 | V9: =IFERROR(Ingresos[[#This Row],[May]]/Ingresos[[#Totals],[May]],"-") -> 0.23522167 | W9: =IFERROR(Ingresos[[#This Row],[Jun]]/Ingresos[[#Totals],[Jun]],"-") -> 0.16782007 | X9: =IFERROR(Ingresos[[#This Row],[Jul]]/Ingresos[[#Totals],[Jul]],"-") -> 0.087102178 | Y9: =IFERROR(Ingresos[[#This Row],[Ago]]/Ingresos[[#Totals],[Ago]],"-") -> 0.066666667 | Z9: =IFERROR(Ingresos[[#This Row],[Sep]]/Ingresos[[#Totals],[Sep]],"-") -> 0.23252688 | AA9: =IFERROR(Ingresos[[#This Row],[Oct]]/Ingresos[[#Totals],[Oct]],"-") -> 0.19970631 | AB9: =IFERROR(Ingresos[[#This Row],[Nov]]/Ingresos[[#Totals],[Nov]],"-") -> 0.19485792 | AC9: =IFERROR(Ingresos[[#This Row],[Dic]]/Ingresos[[#Totals],[Dic]],"-") -> 0.16011505 | AD9: =IFERROR(Ingresos[Anualmente]/Ingresos[[#Totals],[Anualmente]],"-") -> 0.16674365
B10: Ingresos 6 | D10: 61 | E10: 99 | F10: 70 | G10: 162 | H10: 28 | I10: 163 | J10: 101 | K10: 103 | L10: 78 | M10: 33 | N10: 162 | O10: 159 | P10: =SUM(Ingresos[[#This Row],[Ene]:[Dic]]) -> 1219 | Q10: 0.1 | R10: =IFERROR(Ingresos[[#This Row],[Ene]]/Ingresos[[#Totals],[Ene]],"-") -> 0.09775641 | S10: =IFERROR(Ingresos[[#This Row],[Feb]]/Ingresos[[#Totals],[Feb]],"-") -> 0.13451087 | T10: =IFERROR(Ingresos[[#This Row],[Mar]]/Ingresos[[#Totals],[Mar]],"-") -> 0.085365854 | U10: =IFERROR(Ingresos[[#This Row],[Abr]]/Ingresos[[#Totals],[Abr]],"-") -> 0.26513912 | V10: =IFERROR(Ingresos[[#This Row],[May]]/Ingresos[[#Totals],[May]],"-") -> 0.034482759 | W10: =IFERROR(Ingresos[[#This Row],[Jun]]/Ingresos[[#Totals],[Jun]],"-") -> 0.28200692 | X10: =IFERROR(Ingresos[[#This Row],[Jul]]/Ingresos[[#Totals],[Jul]],"-") -> 0.16917923 | Y10: =IFERROR(Ingresos[[#This Row],[Ago]]/Ingresos[[#Totals],[Ago]],"-") -> 0.15259259 | Z10: =IFERROR(Ingresos[[#This Row],[Sep]]/Ingresos[[#Totals],[Sep]],"-") -> 0.10483871 | AA10: =IFERROR(Ingresos[[#This Row],[Oct]]/Ingresos[[#Totals],[Oct]],"-") -> 0.04845815 | AB10: =IFERROR(Ingresos[[#This Row],[Nov]]/Ingresos[[#Totals],[Nov]],"-") -> 0.21921516 | AC10: =IFERROR(Ingresos[[#This Row],[Dic]]/Ingresos[[#Totals],[Dic]],"-") -> 0.15244487 | AD10: =IFERROR(Ingresos[Anualmente]/Ingresos[[#Totals],[Anualmente]],"-") -> 0.14076212
B11: Ingresos 7 | D11: 105 | E11: 55 | F11: 163 | G11: 12 | H11: 117 | I11: 83 | J11: 163 | K11: 120 | L11: 171 | M11: 79 | N11: 105 | O11: 69 | P11: =SUM(Ingresos[[#This Row],[Ene]:[Dic]]) -> 1242 | Q11: 0.1 | R11: =IFERROR(Ingresos[[#This Row],[Ene]]/Ingresos[[#Totals],[Ene]],"-") -> 0.16826923 | S11: =IFERROR(Ingresos[[#This Row],[Feb]]/Ingresos[[#Totals],[Feb]],"-") -> 0.074728261 | T11: =IFERROR(Ingresos[[#This Row],[Mar]]/Ingresos[[#Totals],[Mar]],"-") -> 0.19878049 | U11: =IFERROR(Ingresos[[#This Row],[Abr]]/Ingresos[[#Totals],[Abr]],"-") -> 0.019639935 | V11: =IFERROR(Ingresos[[#This Row],[May]]/Ingresos[[#Totals],[May]],"-") -> 0.14408867 | W11: =IFERROR(Ingresos[[#This Row],[Jun]]/Ingresos[[#Totals],[Jun]],"-") -> 0.14359862 | X11: =IFERROR(Ingresos[[#This Row],[Jul]]/Ingresos[[#Totals],[Jul]],"-") -> 0.27303183 | Y11: =IFERROR(Ingresos[[#This Row],[Ago]]/Ingresos[[#Totals],[Ago]],"-") -> 0.17777778 | Z11: =IFERROR(Ingresos[[#This Row],[Sep]]/Ingresos[[#Totals],[Sep]],"-") -> 0.22983871 | AA11: =IFERROR(Ingresos[[#This Row],[Oct]]/Ingresos[[#Totals],[Oct]],"-") -> 0.11600587 | AB11: =IFERROR(Ingresos[[#This Row],[Nov]]/Ingresos[[#Totals],[Nov]],"-") -> 0.1420839 | AC11: =IFERROR(Ingresos[[#This Row],[Dic]]/Ingresos[[#Totals],[Dic]],"-") -> 0.066155321 | AD11: =IFERROR(Ingresos[Anualmente]/Ingresos[[#Totals],[Anualmente]],"-") -> 0.14341801
B12: VENTAS TOTALES | D12: =SUBTOTAL(109,Ingresos[Ene]) -> 624 | E12: =SUBTOTAL(109,Ingresos[Feb]) -> 736 | F12: =SUBTOTAL(109,Ingresos[Mar]) -> 820 | G12: =SUBTOTAL(109,Ingresos[Abr]) -> 611 | H12: =SUBTOTAL(109,Ingresos[May]) -> 812 | I12: =SUBTOTAL(109,Ingresos[Jun]) -> 578 | J12: =SUBTOTAL(109,Ingresos[Jul]) -> 597 | K12: =SUBTOTAL(109,Ingresos[Ago]) -> 675 | L12: =SUBTOTAL(109,Ingresos[Sep]) -> 744 | M12: =SUBTOTAL(109,Ingresos[Oct]) -> 681 | N12: =SUBTOTAL(109,Ingresos[Nov]) -> 739 | O12: =SUBTOTAL(109,Ingresos[Dic]) -> 1043 | P12: =SUBTOTAL(109,Ingresos[Anualmente]) -> 8660 | Q12: =SUBTOTAL(109,Ingresos[Porcentaje de índice]) -> 1 | R12: =SUBTOTAL(109,Ingresos[Ene %]) -> 1 | S12: =SUBTOTAL(109,Ingresos[Feb %]) -> 1 | T12: =SUBTOTAL(109,Ingresos[Mar %]) -> 1 | U12: =SUBTOTAL(109,Ingresos[Abr %]) -> 1 | V12: =SUBTOTAL(109,Ingresos[May %]) -> 1 | W12: =SUBTOTAL(109,Ingresos[Jun %]) -> 1 | X12: =SUBTOTAL(109,Ingresos[Jul %]) -> 1 | Y12: =SUBTOTAL(109,Ingresos[Ago %]) -> 1 | Z12: =SUBTOTAL(109,Ingresos[Sep %]) -> 1 | AA12: =SUBTOTAL(109,Ingresos[Oct %]) -> 1 | AB12: =SUBTOTAL(109,Ingresos[Nov %]) -> 1 | AC12: =SUBTOTAL(109,Ingresos[Dic %]) -> 1 | AD12: =SUBTOTAL(109,Ingresos[Porcentaje anual]) -> 1

Sheet Costo de ventas
B1: =Projection_Period_Title -> Doce meses | AD1: =Nombre_De_La_Empresa -> Nombre de la empresa
B2: =Wksht_Title -> PROYECCIÓN DE PÉRDIDAS Y BENEFICIOS | AB2: AÑO FISCAL: | AC2: =FYMonthStart -> ENE | AD2: =FYStartYear -> 2018
D3: =UPPER(TEXT(DATE(FYStartYear,FYMonthNo,1),"mmm-aa")) -> ENE-AA | E3: =UPPER(TEXT(DATE(FYStartYear,FYMonthNo+1,1),"mmm-aa")) -> FEB-AA | F3: =UPPER(TEXT(DATE(FYStartYear,FYMonthNo+2,1),"mmm-aa")) -> MAR-AA | G3: =UPPER(TEXT(DATE(FYStartYear,FYMonthNo+3,1),"mmm-aa")) -> ABR-AA | H3: =UPPER(TEXT(DATE(FYStartYear,FYMonthNo+4,1),"mmm-aa")) -> MAY-AA | I3: =UPPER(TEXT(DATE(FYStartYear,FYMonthNo+5,1),"mmm-aa")) -> JUN-AA | J3: =UPPER(TEXT(DATE(FYStartYear,FYMonthNo+6,1),"mmm-aa")) -> JUL-AA | K3: =UPPER(TEXT(DATE(FYStartYear,FYMonthNo+7,1),"mmm-aa")) -> AGO-AA | L3: =UPPER(TEXT(DATE(FYStartYear,FYMonthNo+8,1),"mmm-aa")) -> SEP-AA | M3: =UPPER(TEXT(DATE(FYStartYear,FYMonthNo+9,1),"mmm-aa")) -> OCT-AA | N3: =UPPER(TEXT(DATE(FYStartYear,FYMonthNo+10,1),"mmm-aa")) -> NOV-AA | O3: =UPPER(TEXT(DATE(FYStartYear,FYMonthNo+11,1),"mmm-aa")) -> DIC-AA | P3: ANUAL-MENTE | Q3: PORCENTAJE DE ÍNDICE | R3: =LEFT(D3,3)&" %" -> ENE % | S3: =LEFT(E3,3)&" %" -> FEB % | T3: =LEFT(F3,3)&" %" -> MAR % | U3: =LEFT(G3,3)&" %" -> ABR % | V3: =LEFT(H3,3)&" %" -> MAY % | W3: =LEFT(I3,3)&" %" -> JUN % | X3: =LEFT(J3,3)&" %" -> JUL % | Y3: =LEFT(K3,3)&" %" -> AGO % | ... AC3: =LEFT(O3,3)&" %" -> DIC % | AD3: PORCENTAJE ANUAL
B4: COSTO DE VENTAS | C4: TENDENCIA | D4: Ene | E4: Feb | F4: Mar | G4: Abr | H4: May | I4: Jun | J4: Jul | K4: Ago | L4: Sep | M4: Oct | N4: Nov | O4: Dic | P4: Anualmente | Q4: Porcentaje de índice | R4: Ene % | S4: Feb % | T4: Mar % | U4: Abr % | V4: May % | W4: Jun % | X4: Jul % | Y4: Ago % | Z4: Sep % | AA4: Oct % | AB4: Nov % | AC4: Dic % | AD4: Porcentaje anual
B5: Costo 1 | D5: 61 | E5: 78 | F5: 65 | G5: 29 | H5: 125 | I5: 49 | J5: 14 | K5: 26 | L5: 14 | M5: 129 | N5: 60 | O5: 65 | P5: =SUM(Costodeventas[[#This Row],[Ene]:[Dic]]) -> 715 | Q5: 0.12 | R5: =IFERROR(Costodeventas[[#This Row],[Ene]]/Costodeventas[[#Totals],[Ene]],"-") -> 0.23018868 | S5: =IFERROR(Costodeventas[[#This Row],[Feb]]/Costodeventas[[#Totals],[Feb]],"-") -> 0.21910112 | T5: =IFERROR(Costodeventas[[#This Row],[Mar]]/Costodeventas[[#Totals],[Mar]],"-") -> 0.20634921 | U5: =IFERROR(Costodeventas[[#This Row],[Abr]]/Costodeventas[[#Totals],[Abr]],"-") -> 0.12033195 | V5: =IFERROR(Costodeventas[[#This Row],[May]]/Costodeventas[[#Totals],[May]],"-") -> 0.31328321 | W5: =IFERROR(Costodeventas[[#This Row],[Jun]]/Costodeventas[[#Totals],[Jun]],"-") -> 0.15705128 | X5: =IFERROR(Costodeventas[[#This Row],[Jul]]/Costodeventas[[#Totals],[Jul]],"-") -> 0.046822742 | Y5: =IFERROR(Costodeventas[[#This Row],[Ago]]/Costodeventas[[#Totals],[Ago]],"-") -> 0.11504425 | Z5: =IFERROR(Costodeventas[[#This Row],[Sep]]/Costodeventas[[#Totals],[Sep]],"-") -> 0.033816425 | AA5: =IFERROR(Costodeventas[[#This Row],[Oct]]/Costodeventas[[#Totals],[Oct]],"-") -> 0.47080292 | AB5: =IFERROR(Costodeventas[[#This Row],[Nov]]/Costodeventas[[#Totals],[Nov]],"-") -> 0.22727273 | AC5: =IFERROR(Costodeventas[[#This Row],[Dic]]/Costodeventas[[#Totals],[Dic]],"-") -> 0.14348786 | AD5: =IFERROR(Costodeventas[[#This Row],[Anualmente]]/Costodeventas[[#Totals],[Anualmente]],"-") -> 0.18727082
B6: Costo 2 | D6: 7 | E6: 5 | F6: 69 | G6: 32 | H6: 11 | I6: 30 | J6: 27 | K6: 32 | L6: 10 | M6: 41 | N6: 13 | O6: 105 | P6: =SUM(Costodeventas[[#This Row],[Ene]:[Dic]]) -> 382 | Q6: 0.18 | R6: =IFERROR(Costodeventas[[#This Row],[Ene]]/Costodeventas[[#Totals],[Ene]],"-") -> 0.026415094 | S6: =IFERROR(Costodeventas[[#This Row],[Feb]]/Costodeventas[[#Totals],[Feb]],"-") -> 0.014044944 | T6: =IFERROR(Costodeventas[[#This Row],[Mar]]/Costodeventas[[#Totals],[Mar]],"-") -> 0.21904762 | U6: =IFERROR(Costodeventas[[#This Row],[Abr]]/Costodeventas[[#Totals],[Abr]],"-") -> 0.13278008 | V6: =IFERROR(Costodeventas[[#This Row],[May]]/Costodeventas[[#Totals],[May]],"-") -> 0.027568922 | W6: =IFERROR(Costodeventas[[#This Row],[Jun]]/Costodeventas[[#Totals],[Jun]],"-") -> 0.096153846 | X6: =IFERROR(Costodeventas[[#This Row],[Jul]]/Costodeventas[[#Totals],[Jul]],"-") -> 0.090301003 | Y6: =IFERROR(Costodeventas[[#This Row],[Ago]]/Costodeventas[[#Totals],[Ago]],"-") -> 0.14159292 | Z6: =IFERROR(Costodeventas[[#This Row],[Sep]]/Costodeventas[[#Totals],[Sep]],"-") -> 0.024154589 | AA6: =IFERROR(Costodeventas[[#This Row],[Oct]]/Costodeventas[[#Totals],[Oct]],"-") -> 0.14963504 | AB6: =IFERROR(Costodeventas[[#This Row],[Nov]]/Costodeventas[[#Totals],[Nov]],"-") -> 0.049242424 | AC6: =IFERROR(Costodeventas[[#This Row],[Dic]]/Costodeventas[[#Totals],[Dic]],"-") -> 0.23178808 | AD6: =IFERROR(Costodeventas[[#This Row],[Anualmente]]/Costodeventas[[#Totals],[Anualmente]],"-") -> 0.10005238
B7: Costo 3 | D7: 99 | E7: 95 | F7: 51 | G7: 90 | H7: 21 | I7: 34 | J7: 30 | K7: 24 | L7: 109 | M7: 16 | N7: 21 | O7: 52 | P7: =SUM(Costodeventas[[#This Row],[Ene]:[Dic]]) -> 642 | Q7: 0.19 | R7: =IFERROR(Costodeventas[[#This Row],[Ene]]/Costodeventas[[#Totals],[Ene]],"-") -> 0.37358491 | S7: =IFERROR(Costodeventas[[#This Row],[Feb]]/Costodeventas[[#Totals],[Feb]],"-") -> 0.26685393 | T7: =IFERROR(Costodeventas[[#This Row],[Mar]]/Costodeventas[[#Totals],[Mar]],"-") -> 0.16190476 | U7: =IFERROR(Costodeventas[[#This Row],[Abr]]/Costodeventas[[#Totals],[Abr]],"-") -> 0.37344398 | V7: =IFERROR(Costodeventas[[#This Row],[May]]/Costodeventas[[#Totals],[May]],"-") -> 0.052631579 | W7: =IFERROR(Costodeventas[[#This Row],[Jun]]/Costodeventas[[#Totals],[Jun]],"-") -> 0.10897436 | X7: =IFERROR(Costodeventas[[#This Row],[Jul]]/Costodeventas[[#Totals],[Jul]],"-") -> 0.10033445 | Y7: =IFERROR(Costodeventas[[#This Row],[Ago]]/Costodeventas[[#Totals],[Ago]],"-") -> 0.10619469 | Z7: =IFERROR(Costodeventas[[#This Row],[Sep]]/Costodeventas[[#Totals],[Sep]],"-") -> 0.26328502 | AA7: =IFERROR(Costodeventas[[#This Row],[Oct]]/Costodeventas[[#Totals],[Oct]],"-") -> 0.058394161 | AB7: =IFERROR(Costodeventas[[#This Row],[Nov]]/Costodeventas[[#Totals],[Nov]],"-") -> 0.079545455 | AC7: =IFERROR(Costodeventas[[#This Row],[Dic]]/Costodeventas[[#Totals],[Dic]],"-") -> 0.11479029 | AD7: =IFERROR(Costodeventas[[#This Row],[Anualmente]]/Costodeventas[[#Totals],[Anualmente]],"-") -> 0.16815086
B8: Costo 4 | D8: 13 | E8: 28 | F8: 15 | G8: 8 | H8: 84 | I8: 12 | J8: 54 | K8: 72 | L8: 49 | M8: 24 | N8: 60 | O8: 39 | P8: =SUM(Costodeventas[[#This Row],[Ene]:[Dic]]) -> 458 | Q8: 0.11 | R8: =IFERROR(Costodeventas[[#This Row],[Ene]]/Costodeventas[[#Totals],[Ene]],"-") -> 0.049056604 | S8: =IFERROR(Costodeventas[[#This Row],[Feb]]/Costodeventas[[#Totals],[Feb]],"-") -> 0.078651685 | T8: =IFERROR(Costodeventas[[#This Row],[Mar]]/Costodeventas[[#Totals],[Mar]],"-") -> 0.047619048 | U8: =IFERROR(Costodeventas[[#This Row],[Abr]]/Costodeventas[[#Totals],[Abr]],"-") -> 0.033195021 | V8: =IFERROR(Costodeventas[[#This Row],[May]]/Costodeventas[[#Totals],[May]],"-") -> 0.21052632 | W8: =IFERROR(Costodeventas[[#This Row],[Jun]]/Costodeventas[[#Totals],[Jun]],"-") -> 0.038461538 | X8: =IFERROR(Costodeventas[[#This Row],[Jul]]/Costodeventas[[#Totals],[Jul]],"-") -> 0.18060201 | Y8: =IFERROR(Costodeventas[[#This Row],[Ago]]/Costodeventas[[#Totals],[Ago]],"-") -> 0.31858407 | Z8: =IFERROR(Costodeventas[[#This Row],[Sep]]/Costodeventas[[#Totals],[Sep]],"-") -> 0.11835749 | AA8: =IFERROR(Costodeventas[[#This Row],[Oct]]/Costodeventas[[#Totals],[Oct]],"-") -> 0.087591241 | AB8: =IFERROR(Costodeventas[[#This Row],[Nov]]/Costodeventas[[#Totals],[Nov]],"-") -> 0.22727273 | AC8: =IFERROR(Costodeventas[[#This Row],[Dic]]/Costodeventas[[#Totals],[Dic]],"-") -> 0.086092715 | AD8: =IFERROR(Costodeventas[[#This Row],[Anualmente]]/Costodeventas[[#Totals],[Anualmente]],"-") -> 0.11995809
B9: Costo 5 | D9: 34 | E9: 78 | F9: 43 | G9: 30 | H9: 77 | I9: 54 | J9: 26 | K9: 13 | L9: 56 | M9: 30 | N9: 40 | O9: 63 | P9: =SUM(Costodeventas[[#This Row],[Ene]:[Dic]]) -> 544 | Q9: 0.2 | R9: =IFERROR(Costodeventas[[#This Row],[Ene]]/Costodeventas[[#Totals],[Ene]],"-") -> 0.12830189 | S9: =IFERROR(Costodeventas[[#This Row],[Feb]]/Costodeventas[[#Totals],[Feb]],"-") -> 0.21910112 | T9: =IFERROR(Costodeventas[[#This Row],[Mar]]/Costodeventas[[#Totals],[Mar]],"-") -> 0.13650794 | U9: =IFERROR(Costodeventas[[#This Row],[Abr]]/Costodeventas[[#Totals],[Abr]],"-") -> 0.12448133 | V9: =IFERROR(Costodeventas[[#This Row],[May]]/Costodeventas[[#Totals],[May]],"-") -> 0.19298246 | W9: =IFERROR(Costodeventas[[#This Row],[Jun]]/Costodeventas[[#Totals],[Jun]],"-") -> 0.17307692 | X9: =IFERROR(Costodeventas[[#This Row],[Jul]]/Costodeventas[[#Totals],[Jul]],"-") -> 0.086956522 | Y9: =IFERROR(Costodeventas[[#This Row],[Ago]]/Costodeventas[[#Totals],[Ago]],"-") -> 0.057522124 | Z9: =IFERROR(Costodeventas[[#This Row],[Sep]]/Costodeventas[[#Totals],[Sep]],"-") -> 0.1352657 | AA9: =IFERROR(Costodeventas[[#This Row],[Oct]]/Costodeventas[[#Totals],[Oct]],"-") -> 0.10948905 | AB9: =IFERROR(Costodeventas[[#This Row],[Nov]]/Costodeventas[[#Totals],[Nov]],"-") -> 0.15151515 | AC9: =IFERROR(Costodeventas[[#This Row],[Dic]]/Costodeventas[[#Totals],[Dic]],"-") -> 0.13907285 | AD9: =IFERROR(Costodeventas[[#This Row],[Anualmente]]/Costodeventas[[#Totals],[Anualmente]],"-") -> 0.14248298
B10: Costo 6 | D10: 33 | E10: 61 | F10: 42 | G10: 43 | H10: 19 | I10: 94 | J10: 46 | K10: 15 | L10: 55 | M10: 15 | N10: 37 | O10: 89 | P10: =SUM(Costodeventas[[#This Row],[Ene]:[Dic]]) -> 549 | Q10: 0.1 | R10: =IFERROR(Costodeventas[[#This Row],[Ene]]/Costodeventas[[#Totals],[Ene]],"-") -> 0.1245283 | S10: =IFERROR(Costodeventas[[#This Row],[Feb]]/Costodeventas[[#Totals],[Feb]],"-") -> 0.17134831 | T10: =IFERROR(Costodeventas[[#This Row],[Mar]]/Costodeventas[[#Totals],[Mar]],"-") -> 0.13333333 | U10: =IFERROR(Costodeventas[[#This Row],[Abr]]/Costodeventas[[#Totals],[Abr]],"-") -> 0.17842324 | V10: =IFERROR(Costodeventas[[#This Row],[May]]/Costodeventas[[#Totals],[May]],"-") -> 0.047619048 | W10: =IFERROR(Costodeventas[[#This Row],[Jun]]/Costodeventas[[#Totals],[Jun]],"-") -> 0.30128205 | X10: =IFERROR(Costodeventas[[#This Row],[Jul]]/Costodeventas[[#Totals],[Jul]],"-") -> 0.15384615 | Y10: =IFERROR(Costodeventas[[#This Row],[Ago]]/Costodeventas[[#Totals],[Ago]],"-") -> 0.066371681 | Z10: =IFERROR(Costodeventas[[#This Row],[Sep]]/Costodeventas[[#Totals],[Sep]],"-") -> 0.13285024 | AA10: =IFERROR(Costodeventas[[#This Row],[Oct]]/Costodeventas[[#Totals],[Oct]],"-") -> 0.054744526 | AB10: =IFERROR(Costodeventas[[#This Row],[Nov]]/Costodeventas[[#Totals],[Nov]],"-") -> 0.14015152 | AC10: =IFERROR(Costodeventas[[#This Row],[Dic]]/Costodeventas[[#Totals],[Dic]],"-") -> 0.19646799 | AD10: =IFERROR(Costodeventas[[#This Row],[Anualmente]]/Costodeventas[[#Totals],[Anualmente]],"-") -> 0.14379256
B11: Costo 7 | D11: 18 | E11: 11 | F11: 30 | G11: 9 | H11: 62 | I11: 39 | J11: 102 | K11: 44 | L11: 121 | M11: 19 | N11: 33 | O11: 40 | P11: =SUM(Costodeventas[[#This Row],[Ene]:[Dic]]) -> 528 | Q11: 0.1 | R11: =IFERROR(Costodeventas[[#This Row],[Ene]]/Costodeventas[[#Totals],[Ene]],"-") -> 0.067924528 | S11: =IFERROR(Costodeventas[[#This Row],[Feb]]/Costodeventas[[#Totals],[Feb]],"-") -> 0.030898876 | T11: =IFERROR(Costodeventas[[#This Row],[Mar]]/Costodeventas[[#Totals],[Mar]],"-") -> 0.095238095 | U11: =IFERROR(Costodeventas[[#This Row],[Abr]]/Costodeventas[[#Totals],[Abr]],"-") -> 0.037344398 | V11: =IFERROR(Costodeventas[[#This Row],[May]]/Costodeventas[[#Totals],[May]],"-") -> 0.15538847 | W11: =IFERROR(Costodeventas[[#This Row],[Jun]]/Costodeventas[[#Totals],[Jun]],"-") -> 0.125 | X11: =IFERROR(Costodeventas[[#This Row],[Jul]]/Costodeventas[[#Totals],[Jul]],"-") -> 0.34113712 | Y11: =IFERROR(Costodeventas[[#This Row],[Ago]]/Costodeventas[[#Totals],[Ago]],"-") -> 0.19469027 | Z11: =IFERROR(Costodeventas[[#This Row],[Sep]]/Costodeventas[[#Totals],[Sep]],"-") -> 0.29227053 | AA11: =IFERROR(Costodeventas[[#This Row],[Oct]]/Costodeventas[[#Totals],[Oct]],"-") -> 0.069343066 | AB11: =IFERROR(Costodeventas[[#This Row],[Nov]]/Costodeventas[[#Totals],[Nov]],"-") -> 0.125 | AC11: =IFERROR(Costodeventas[[#This Row],[Dic]]/Costodeventas[[#Totals],[Dic]],"-") -> 0.088300221 | AD11: =IFERROR(Costodeventas[[#This Row],[Anualmente]]/Costodeventas[[#Totals],[Anualmente]],"-") -> 0.1382923
B12: COSTO DE VENTAS TOTAL | D12: =SUBTOTAL(109,Costodeventas[Ene]) -> 265 | E12: =SUBTOTAL(109,Costodeventas[Feb]) -> 356 | F12: =SUBTOTAL(109,Costodeventas[Mar]) -> 315 | G12: =SUBTOTAL(109,Costodeventas[Abr]) -> 241 | H12: =SUBTOTAL(109,Costodeventas[May]) -> 399 | I12: =SUBTOTAL(109,Costodeventas[Jun]) -> 312 | J12: =SUBTOTAL(109,Costodeventas[Jul]) -> 299 | K12: =SUBTOTAL(109,Costodeventas[Ago]) -> 226 | L12: =SUBTOTAL(109,Costodeventas[Sep]) -> 414 | M12: =SUBTOTAL(109,Costodeventas[Oct]) -> 274 | N12: =SUBTOTAL(109,Costodeventas[Nov]) -> 264 | O12: =SUBTOTAL(109,Costodeventas[Dic]) -> 453 | P12: =SUBTOTAL(109,Costodeventas[Anualmente]) -> 3818 | Q12: =SUBTOTAL(109,Costodeventas[Porcentaje de índice]) -> 1 | R12: =SUBTOTAL(109,Costodeventas[Ene %]) -> 1 | S12: =SUBTOTAL(109,Costodeventas[Feb %]) -> 1 | T12: =SUBTOTAL(109,Costodeventas[Mar %]) -> 1 | U12: =SUBTOTAL(109,Costodeventas[Abr %]) -> 1 | V12: =SUBTOTAL(109,Costodeventas[May %]) -> 1 | W12: =SUBTOTAL(109,Costodeventas[Jun %]) -> 1 | X12: =SUBTOTAL(109,Costodeventas[Jul %]) -> 1 | Y12: =SUBTOTAL(109,Costodeventas[Ago %]) -> 1 | Z12: =SUBTOTAL(109,Costodeventas[Sep %]) -> 1 | AA12: =SUBTOTAL(109,Costodeventas[Oct %]) -> 1 | AB12: =SUBTOTAL(109,Costodeventas[Nov %]) -> 1 | AC12: =SUBTOTAL(109,Costodeventas[Dic %]) -> 1 | AD12: =SUBTOTAL(109,Costodeventas[Porcentaje anual]) -> 1
B14: Beneficio bruto | D14: =Ingresos[[#Totals],[Ene]]-Costodeventas[[#Totals],[Ene]] -> 359 | E14: =Ingresos[[#Totals],[Feb]]-Costodeventas[[#Totals],[Feb]] -> 380 | F14: =Ingresos[[#Totals],[Mar]]-Costodeventas[[#Totals],[Mar]] -> 505 | G14: =Ingresos[[#Totals],[Abr]]-Costodeventas[[#Totals],[Abr]] -> 370 | H14: =Ingresos[[#Totals],[May]]-Costodeventas[[#Totals],[May]] -> 413 | I14: =Ingresos[[#Totals],[Jun]]-Costodeventas[[#Totals],[Jun]] -> 266 | J14: =Ingresos[[#Totals],[Jul]]-Costodeventas[[#Totals],[Jul]] -> 298 | K14: =Ingresos[[#Totals],[Ago]]-Costodeventas[[#Totals],[Ago]] -> 449 | L14: =Ingresos[[#Totals],[Sep]]-Costodeventas[[#Totals],[Sep]] -> 330 | M14: =Ingresos[[#Totals],[Oct]]-Costodeventas[[#Totals],[Oct]] -> 407 | N14: =Ingresos[[#Totals],[Nov]]-Costodeventas[[#Totals],[Nov]] -> 475 | O14: =Ingresos[[#Totals],[Dic]]-Costodeventas[[#Totals],[Dic]] -> 590 | P14: =Ingresos[[#Totals],[Anualmente]]-Costodeventas[[#Totals],[Anualmente]] -> 4842 | R14: =D14/$P$14 -> 0.074142916 | S14: =E14/$P$14 -> 0.078479967 | T14: =F14/$P$14 -> 0.10429575 | U14: =G14/$P$14 -> 0.076414705 | V14: =H14/$P$14 -> 0.085295333 | W14: =I14/$P$14 -> 0.054935977 | X14: =J14/$P$14 -> 0.061544816 | Y14: =K14/$P$14 -> 0.092730277 | ... AD14: =P14/$P$14 -> 1

Sheet Gastos
B1: =Projection_Period_Title -> Doce meses | AD1: =Nombre_De_La_Empresa -> Nombre de la empresa
B2: ='Ingresos (ventas)'!$B$2 -> PROYECCIÓN DE PÉRDIDAS Y BENEFICIOS | AB2: AÑO FISCAL: | AC2: =FYMonthStart -> ENE | AD2: =FYStartYear -> 2018
D3: =UPPER(TEXT(DATE(FYStartYear,FYMonthNo,1),"mmm-aa")) -> ENE-AA | E3: =UPPER(TEXT(DATE(FYStartYear,FYMonthNo+1,1),"mmm-aa")) -> FEB-AA | F3: =UPPER(TEXT(DATE(FYStartYear,FYMonthNo+2,1),"mmm-aa")) -> MAR-AA | G3: =UPPER(TEXT(DATE(FYStartYear,FYMonthNo+3,1),"mmm-aa")) -> ABR-AA | H3: =UPPER(TEXT(DATE(FYStartYear,FYMonthNo+4,1),"mmm-aa")) -> MAY-AA | I3: =UPPER(TEXT(DATE(FYStartYear,FYMonthNo+5,1),"mmm-aa")) -> JUN-AA | J3: =UPPER(TEXT(DATE(FYStartYear,FYMonthNo+6,1),"mmm-aa")) -> JUL-AA | K3: =UPPER(TEXT(DATE(FYStartYear,FYMonthNo+7,1),"mmm-aa")) -> AGO-AA | L3: =UPPER(TEXT(DATE(FYStartYear,FYMonthNo+8,1),"mmm-aa")) -> SEP-AA | M3: =UPPER(TEXT(DATE(FYStartYear,FYMonthNo+9,1),"mmm-aa")) -> OCT-AA | N3: =UPPER(TEXT(DATE(FYStartYear,FYMonthNo+10,1),"mmm-aa")) -> NOV-AA | O3: =UPPER(TEXT(DATE(FYStartYear,FYMonthNo+11,1),"mmm-aa")) -> DIC-AA | P3: ANUAL-MENTE | Q3: PORCENTAJE DE ÍNDICE | R3: =LEFT(D3,3)&" %" -> ENE % | S3: =LEFT(E3,3)&" %" -> FEB % | T3: =LEFT(F3,3)&" %" -> MAR % | U3: =LEFT(G3,3)&" %" -> ABR % | V3: =LEFT(H3,3)&" %" -> MAY % | W3: =LEFT(I3,3)&" %" -> JUN % | X3: =LEFT(J3,3)&" %" -> JUL % | Y3: =LEFT(K3,3)&" %" -> AGO % | ... AC3: =LEFT(O3,3)&" %" -> DIC % | AD3: PORCENTAJE ANUAL
B4: GASTOS | C4: TENDENCIA | D4: Ene | E4: Feb | F4: Mar | G4: Abr | H4: May | I4: Jun | J4: Jul | K4: Ago | L4: Sep | M4: Oct | N4: Nov | O4: Dic | P4: Anualmente | Q4: Porcentaje de índice | R4: Ene % | S4: Feb % | T4: Mar % | U4: Abr % | V4: May % | W4: Jun % | X4: Jul % | Y4: Ago % | Z4: Sep % | AA4: Oct % | AB4: Nov % | AC4: Dic % | AD4: Porcentaje anual
B5: Gastos de salarios | D5: 10 | E5: 18 | F5: 13 | G5: 8 | H5: 22 | I5: 18 | J5: 8 | K5: 17 | L5: 20 | M5: 8 | N5: 4 | O5: 12 | P5: =SUM(tblExpenses[[#This Row],[Ene]:[Dic]]) -> 158 | Q5: 0.12 | R5: =tblExpenses[[#This Row],[Ene]]/tblExpenses[[#Totals],[Ene]] -> 0.042372881 | S5: =tblExpenses[[#This Row],[Feb]]/tblExpenses[[#Totals],[Feb]] -> 0.087804878 | T5: =tblExpenses[[#This Row],[Mar]]/tblExpenses[[#Totals],[Mar]] -> 0.052208835 | U5: =tblExpenses[[#This Row],[Abr]]/tblExpenses[[#Totals],[Abr]] -> 0.030651341 | V5: =tblExpenses[[#This Row],[May]]/tblExpenses[[#Totals],[May]] -> 0.085603113 | W5: =tblExpenses[[#This Row],[Jun]]/tblExpenses[[#Totals],[Jun]] -> 0.065693431 | X5: =tblExpenses[[#This Row],[Jul]]/tblExpenses[[#Totals],[Jul]] -> 0.030075188 | Y5: =tblExpenses[[#This Row],[Ago]]/tblExpenses[[#Totals],[Ago]] -> 0.072340426 | Z5: =tblExpenses[[#This Row],[Sep]]/tblExpenses[[#Totals],[Sep]] -> 0.086956522 | AA5: =tblExpenses[[#This Row],[Oct]]/tblExpenses[[#Totals],[Oct]] -> 0.030888031 | AB5: =tblExpenses[[#This Row],[Nov]]/tblExpenses[[#Totals],[Nov]] -> 0.013513514 | AC5: =tblExpenses[[#This Row],[Dic]]/tblExpenses[[#Totals],[Dic]] -> 0.051948052 | AD5: =tblExpenses[[#This Row],[Anualmente]]/tblExpenses[[#Totals],[Anualmente]] -> 0.052684228
B6: Gastos de nóminas | D6: 23 | E6: 11 | F6: 7 | G6: 14 | H6: 12 | I6: 19 | J6: 19 | K6: 4 | L6: 7 | M6: 13 | N6: 25 | O6: 5 | P6: =SUM(tblExpenses[[#This Row],[Ene]:[Dic]]) -> 159 | Q6: 0.09 | R6: =tblExpenses[[#This Row],[Ene]]/tblExpenses[[#Totals],[Ene]] -> 0.097457627 | S6: =tblExpenses[[#This Row],[Feb]]/tblExpenses[[#Totals],[Feb]] -> 0.053658537 | T6: =tblExpenses[[#This Row],[Mar]]/tblExpenses[[#Totals],[Mar]] -> 0.02811245 | U6: =tblExpenses[[#This Row],[Abr]]/tblExpenses[[#Totals],[Abr]] -> 0.053639847 | V6: =tblExpenses[[#This Row],[May]]/tblExpenses[[#Totals],[May]] -> 0.046692607 | W6: =tblExpenses[[#This Row],[Jun]]/tblExpenses[[#Totals],[Jun]] -> 0.069343066 | X6: =tblExpenses[[#This Row],[Jul]]/tblExpenses[[#Totals],[Jul]] -> 0.071428571 | Y6: =tblExpenses[[#This Row],[Ago]]/tblExpenses[[#Totals],[Ago]] -> 0.017021277 | Z6: =tblExpenses[[#This Row],[Sep]]/tblExpenses[[#Totals],[Sep]] -> 0.030434783 | AA6: =tblExpenses[[#This Row],[Oct]]/tblExpenses[[#Totals],[Oct]] -> 0.05019305 | AB6: =tblExpenses[[#This Row],[Nov]]/tblExpenses[[#Totals],[Nov]] -> 0.084459459 | AC6: =tblExpenses[[#This Row],[Dic]]/tblExpenses[[#Totals],[Dic]] -> 0.021645022 | AD6: =tblExpenses[[#This Row],[Anualmente]]/tblExpenses[[#Totals],[Anualmente]] -> 0.053017673
B7: Servicios externos | D7: 23 | E7: 20 | F7: 3 | G7: 16 | H7: 10 | I7: 5 | J7: 20 | K7: 7 | L7: 4 | M7: 22 | N7: 13 | O7: 14 | P7: =SUM(tblExpenses[[#This Row],[Ene]:[Dic]]) -> 157 | Q7: 0.02 | R7: =tblExpenses[[#This Row],[Ene]]/tblExpenses[[#Totals],[Ene]] -> 0.097457627 | S7: =tblExpenses[[#This Row],[Feb]]/tblExpenses[[#Totals],[Feb]] -> 0.097560976 | T7: =tblExpenses[[#This Row],[Mar]]/tblExpenses[[#Totals],[Mar]] -> 0.012048193 | U7: =tblExpenses[[#This Row],[Abr]]/tblExpenses[[#Totals],[Abr]] -> 0.061302682 | V7: =tblExpenses[[#This Row],[May]]/tblExpenses[[#Totals],[May]] -> 0.038910506 | W7: =tblExpenses[[#This Row],[Jun]]/tblExpenses[[#Totals],[Jun]] -> 0.018248175 | X7: =tblExpenses[[#This Row],[Jul]]/tblExpenses[[#Totals],[Jul]] -> 0.07518797 | Y7: =tblExpenses[[#This Row],[Ago]]/tblExpenses[[#Totals],[Ago]] -> 0.029787234 | Z7: =tblExpenses[[#This Row],[Sep]]/tblExpenses[[#Totals],[Sep]] -> 0.017391304 | AA7: =tblExpenses[[#This Row],[Oct]]/tblExpenses[[#Totals],[Oct]] -> 0.084942085 | AB7: =tblExpenses[[#This Row],[Nov]]/tblExpenses[[#Totals],[Nov]] -> 0.043918919 | AC7: =tblExpenses[[#This Row],[Dic]]/tblExpenses[[#Totals],[Dic]] -> 0.060606061 | AD7: =tblExpenses[[#This Row],[Anualmente]]/tblExpenses[[#Totals],[Anualmente]] -> 0.052350784
B8: Suministros (oficina y operativos) | D8: 19 | E8: 4 | F8: 7 | G8: 14 | H8: 22 | I8: 10 | J8: 22 | K8: 5 | L8: 4 | M8: 12 | N8: 18 | O8: 24 | P8: =SUM(tblExpenses[[#This Row],[Ene]:[Dic]]) -> 161 | Q8: 0.08 | R8: =tblExpenses[[#This Row],[Ene]]/tblExpenses[[#Totals],[Ene]] -> 0.080508475 | S8: =tblExpenses[[#This Row],[Feb]]/tblExpenses[[#Totals],[Feb]] -> 0.019512195 | T8: =tblExpenses[[#This Row],[Mar]]/tblExpenses[[#Totals],[Mar]] -> 0.02811245 | U8: =tblExpenses[[#This Row],[Abr]]/tblExpenses[[#Totals],[Abr]] -> 0.053639847 | V8: =tblExpenses[[#This Row],[May]]/tblExpenses[[#Totals],[May]] -> 0.085603113 | W8: =tblExpenses[[#This Row],[Jun]]/tblExpenses[[#Totals],[Jun]] -> 0.03649635 | X8: =tblExpenses[[#This Row],[Jul]]/tblExpenses[[#Totals],[Jul]] -> 0.082706767 | Y8: =tblExpenses[[#This Row],[Ago]]/tblExpenses[[#Totals],[Ago]] -> 0.021276596 | Z8: =tblExpenses[[#This Row],[Sep]]/tblExpenses[[#Totals],[Sep]] -> 0.017391304 | AA8: =tblExpenses[[#This Row],[Oct]]/tblExpenses[[#Totals],[Oct]] -> 0.046332046 | AB8: =tblExpenses[[#This Row],[Nov]]/tblExpenses[[#Totals],[Nov]] -> 0.060810811 | AC8: =tblExpenses[[#This Row],[Dic]]/tblExpenses[[#Totals],[Dic]] -> 0.1038961 | AD8: =tblExpenses[[#This Row],[Anualmente]]/tblExpenses[[#Totals],[Anualmente]] -> 0.053684562
B9: Reparaciones y mantenimiento | D9: 11 | E9: 11 | F9: 17 | G9: 12 | H9: 2 | I9: 14 | J9: 12 | K9: 10 | L9: 18 | M9: 11 | N9: 23 | O9: 11 | P9: =SUM(tblExpenses[[#This Row],[Ene]:[Dic]]) -> 152 | Q9: 0.03 | R9: =tblExpenses[[#This Row],[Ene]]/tblExpenses[[#Totals],[Ene]] -> 0.046610169 | S9: =tblExpenses[[#This Row],[Feb]]/tblExpenses[[#Totals],[Feb]] -> 0.053658537 | T9: =tblExpenses[[#This Row],[Mar]]/tblExpenses[[#Totals],[Mar]] -> 0.068273092 | U9: =tblExpenses[[#This Row],[Abr]]/tblExpenses[[#Totals],[Abr]] -> 0.045977011 | V9: =tblExpenses[[#This Row],[May]]/tblExpenses[[#Totals],[May]] -> 0.0077821012 | W9: =tblExpenses[[#This Row],[Jun]]/tblExpenses[[#Totals],[Jun]] -> 0.051094891 | X9: =tblExpenses[[#This Row],[Jul]]/tblExpenses[[#Totals],[Jul]] -> 0.045112782 | Y9: =tblExpenses[[#This Row],[Ago]]/tblExpenses[[#Totals],[Ago]] -> 0.042553191 | Z9: =tblExpenses[[#This Row],[Sep]]/tblExpenses[[#Totals],[Sep]] -> 0.07826087 | AA9: =tblExpenses[[#This Row],[Oct]]/tblExpenses[[#Totals],[Oct]] -> 0.042471042 | AB9: =tblExpenses[[#This Row],[Nov]]/tblExpenses[[#Totals],[Nov]] -> 0.077702703 | AC9: =tblExpenses[[#This Row],[Dic]]/tblExpenses[[#Totals],[Dic]] -> 0.047619048 | AD9: =tblExpenses[[#This Row],[Anualmente]]/tblExpenses[[#Totals],[Anualmente]] -> 0.050683561
B10: Publicidad | D10: 2 | E10: 16 | F10: 6 | G10: 13 | H10: 11 | I10: 22 | J10: 21 | K10: 3 | L10: 12 | M10: 7 | N10: 17 | O10: 20 | P10: =SUM(tblExpenses[[#This Row],[Ene]:[Dic]]) -> 150 | Q10: 0.15 | R10: =tblExpenses[[#This Row],[Ene]]/tblExpenses[[#Totals],[Ene]] -> 0.0084745763 | S10: =tblExpenses[[#This Row],[Feb]]/tblExpenses[[#Totals],[Feb]] -> 0.07804878 | T10: =tblExpenses[[#This Row],[Mar]]/tblExpenses[[#Totals],[Mar]] -> 0.024096386 | U10: =tblExpenses[[#This Row],[Abr]]/tblExpenses[[#Totals],[Abr]] -> 0.049808429 | V10: =tblExpenses[[#This Row],[May]]/tblExpenses[[#Totals],[May]] -> 0.042801556 | W10: =tblExpenses[[#This Row],[Jun]]/tblExpenses[[#Totals],[Jun]] -> 0.080291971 | X10: =tblExpenses[[#This Row],[Jul]]/tblExpenses[[#Totals],[Jul]] -> 0.078947368 | Y10: =tblExpenses[[#This Row],[Ago]]/tblExpenses[[#Totals],[Ago]] -> 0.012765957 | Z10: =tblExpenses[[#This Row],[Sep]]/tblExpenses[[#Totals],[Sep]] -> 0.052173913 | AA10: =tblExpenses[[#This Row],[Oct]]/tblExpenses[[#Totals],[Oct]] -> 0.027027027 | AB10: =tblExpenses[[#This Row],[Nov]]/tblExpenses[[#Totals],[Nov]] -> 0.057432432 | AC10: =tblExpenses[[#This Row],[Dic]]/tblExpenses[[#Totals],[Dic]] -> 0.086580087 | AD10: =tblExpenses[[#This Row],[Anualmente]]/tblExpenses[[#Totals],[Anualmente]] -> 0.050016672
B11: Coches, entregas y viajes | D11: 8 | E11: 17 | F11: 11 | G11: 11 | H11: 21 | I11: 9 | J11: 20 | K11: 3 | L11: 14 | M11: 22 | N11: 16 | O11: 12 | P11: =SUM(tblExpenses[[#This Row],[Ene]:[Dic]]) -> 164 | Q11: 0.12 | R11: =tblExpenses[[#This Row],[Ene]]/tblExpenses[[#Totals],[Ene]] -> 0.033898305 | S11: =tblExpenses[[#This Row],[Feb]]/tblExpenses[[#Totals],[Feb]] -> 0.082926829 | T11: =tblExpenses[[#This Row],[Mar]]/tblExpenses[[#Totals],[Mar]] -> 0.044176707 | U11: =tblExpenses[[#This Row],[Abr]]/tblExpenses[[#Totals],[Abr]] -> 0.042145594 | V11: =tblExpenses[[#This Row],[May]]/tblExpenses[[#Totals],[May]] -> 0.081712062 | W11: =tblExpenses[[#This Row],[Jun]]/tblExpenses[[#Totals],[Jun]] -> 0.032846715 | X11: =tblExpenses[[#This Row],[Jul]]/tblExpenses[[#Totals],[Jul]] -> 0.07518797 | Y11: =tblExpenses[[#This Row],[Ago]]/tblExpenses[[#Totals],[Ago]] -> 0.012765957 | Z11: =tblExpenses[[#This Row],[Sep]]/tblExpenses[[#Totals],[Sep]] -> 0.060869565 | AA11: =tblExpenses[[#This Row],[Oct]]/tblExpenses[[#Totals],[Oct]] -> 0.084942085 | AB11: =tblExpenses[[#This Row],[Nov]]/tblExpenses[[#Totals],[Nov]] -> 0.054054054 | AC11: =tblExpenses[[#This Row],[Dic]]/tblExpenses[[#Totals],[Dic]] -> 0.051948052 | AD11: =tblExpenses[[#This Row],[Anualmente]]/tblExpenses[[#Totals],[Anualmente]] -> 0.054684895
B12: Legal y contabilidad | D12: 5 | E12: 13 | F12: 6 | G12: 15 | H12: 19 | I12: 10 | J12: 12 | K12: 9 | L12: 15 | M12: 16 | N12: 4 | O12: 9 | P12: =SUM(tblExpenses[[#This Row],[Ene]:[Dic]]) -> 133 | Q12: 0.09 | R12: =tblExpenses[[#This Row],[Ene]]/tblExpenses[[#Totals],[Ene]] -> 0.021186441 | S12: =tblExpenses[[#This Row],[Feb]]/tblExpenses[[#Totals],[Feb]] -> 0.063414634 | T12: =tblExpenses[[#This Row],[Mar]]/tblExpenses[[#Totals],[Mar]] -> 0.024096386 | U12: =tblExpenses[[#This Row],[Abr]]/tblExpenses[[#Totals],[Abr]] -> 0.057471264 | V12: =tblExpenses[[#This Row],[May]]/tblExpenses[[#Totals],[May]] -> 0.073929961 | W12: =tblExpenses[[#This Row],[Jun]]/tblExpenses[[#Totals],[Jun]] -> 0.03649635 | X12: =tblExpenses[[#This Row],[Jul]]/tblExpenses[[#Totals],[Jul]] -> 0.045112782 | Y12: =tblExpenses[[#This Row],[Ago]]/tblExpenses[[#Totals],[Ago]] -> 0.038297872 | Z12: =tblExpenses[[#This Row],[Sep]]/tblExpenses[[#Totals],[Sep]] -> 0.065217391 | AA12: =tblExpenses[[#This Row],[Oct]]/tblExpenses[[#Totals],[Oct]] -> 0.061776062 | AB12: =tblExpenses[[#This Row],[Nov]]/tblExpenses[[#Totals],[Nov]] -> 0.013513514 | AC12: =tblExpenses[[#This Row],[Dic]]/tblExpenses[[#Totals],[Dic]] -> 0.038961039 | AD12: =tblExpenses[[#This Row],[Anualmente]]/tblExpenses[[#Totals],[Anualmente]] -> 0.044348116
B13: Alquiler | D13: 8 | E13: 4 | F13: 23 | G13: 25 | H13: 10 | I13: 24 | J13: 22 | K13: 5 | L13: 12 | M13: 24 | N13: 24 | O13: 12 | P13: =SUM(tblExpenses[[#This Row],[Ene]:[Dic]]) -> 193 | Q13: 0.01 | R13: =tblExpenses[[#This Row],[Ene]]/tblExpenses[[#Totals],[Ene]] -> 0.033898305 | S13: =tblExpenses[[#This Row],[Feb]]/tblExpenses[[#Totals],[Feb]] -> 0.019512195 | T13: =tblExpenses[[#This Row],[Mar]]/tblExpenses[[#Totals],[Mar]] -> 0.092369478 | U13: =tblExpenses[[#This Row],[Abr]]/tblExpenses[[#Totals],[Abr]] -> 0.095785441 | V13: =tblExpenses[[#This Row],[May]]/tblExpenses[[#Totals],[May]] -> 0.038910506 | W13: =tblExpenses[[#This Row],[Jun]]/tblExpenses[[#Totals],[Jun]] -> 0.087591241 | X13: =tblExpenses[[#This Row],[Jul]]/tblExpenses[[#Totals],[Jul]] -> 0.082706767 | Y13: =tblExpenses[[#This Row],[Ago]]/tblExpenses[[#Totals],[Ago]] -> 0.021276596 | Z13: =tblExpenses[[#This Row],[Sep]]/tblExpenses[[#Totals],[Sep]] -> 0.052173913 | AA13: =tblExpenses[[#This Row],[Oct]]/tblExpenses[[#Totals],[Oct]] -> 0.092664093 | AB13: =tblExpenses[[#This Row],[Nov]]/tblExpenses[[#Totals],[Nov]] -> 0.081081081 | AC13: =tblExpenses[[#This Row],[Dic]]/tblExpenses[[#Totals],[Dic]] -> 0.051948052 | AD13: =tblExpenses[[#This Row],[Anualmente]]/tblExpenses[[#Totals],[Anualmente]] -> 0.064354785
B14: Teléfono | D14: 25 | E14: 2 | F14: 12 | G14: 25 | H14: 10 | I14: 24 | J14: 3 | K14: 20 | L14: 3 | M14: 9 | N14: 20 | O14: 18 | P14: =SUM(tblExpenses[[#This Row],[Ene]:[Dic]]) -> 171 | Q14: 0.01 | R14: =tblExpenses[[#This Row],[Ene]]/tblExpenses[[#Totals],[Ene]] -> 0.1059322 | S14: =tblExpenses[[#This Row],[Feb]]/tblExpenses[[#Totals],[Feb]] -> 0.0097560976 | T14: =tblExpenses[[#This Row],[Mar]]/tblExpenses[[#Totals],[Mar]] -> 0.048192771 | U14: =tblExpenses[[#This Row],[Abr]]/tblExpenses[[#Totals],[Abr]] -> 0.095785441 | V14: =tblExpenses[[#This Row],[May]]/tblExpenses[[#Totals],[May]] -> 0.038910506 | W14: =tblExpenses[[#This Row],[Jun]]/tblExpenses[[#Totals],[Jun]] -> 0.087591241 | X14: =tblExpenses[[#This Row],[Jul]]/tblExpenses[[#Totals],[Jul]] -> 0.011278195 | Y14: =tblExpenses[[#This Row],[Ago]]/tblExpenses[[#Totals],[Ago]] -> 0.085106383 | Z14: =tblExpenses[[#This Row],[Sep]]/tblExpenses[[#Totals],[Sep]] -> 0.013043478 | AA14: =tblExpenses[[#This Row],[Oct]]/tblExpenses[[#Totals],[Oct]] -> 0.034749035 | AB14: =tblExpenses[[#This Row],[Nov]]/tblExpenses[[#Totals],[Nov]] -> 0.067567568 | AC14: =tblExpenses[[#This Row],[Dic]]/tblExpenses[[#Totals],[Dic]] -> 0.077922078 | AD14: =tblExpenses[[#This Row],[Anualmente]]/tblExpenses[[#Totals],[Anualmente]] -> 0.057019006
B15: Servicios públicos | D15: 16 | E15: 19 | F15: 9 | G15: 16 | H15: 13 | I15: 2 | J15: 4 | K15: 24 | L15: 16 | M15: 22 | N15: 7 | O15: 18 | P15: =SUM(tblExpenses[[#This Row],[Ene]:[Dic]]) -> 166 | Q15: 0.01 | R15: =tblExpenses[[#This Row],[Ene]]/tblExpenses[[#Totals],[Ene]] -> 0.06779661 | S15: =tblExpenses[[#This Row],[Feb]]/tblExpenses[[#Totals],[Feb]] -> 0.092682927 | T15: =tblExpenses[[#This Row],[Mar]]/tblExpenses[[#Totals],[Mar]] -> 0.036144578 | U15: =tblExpenses[[#This Row],[Abr]]/tblExpenses[[#Totals],[Abr]] -> 0.061302682 | V15: =tblExpenses[[#This Row],[May]]/tblExpenses[[#Totals],[May]] -> 0.050583658 | W15: =tblExpenses[[#This Row],[Jun]]/tblExpenses[[#Totals],[Jun]] -> 0.0072992701 | X15: =tblExpenses[[#This Row],[Jul]]/tblExpenses[[#Totals],[Jul]] -> 0.015037594 | Y15: =tblExpenses[[#This Row],[Ago]]/tblExpenses[[#Totals],[Ago]] -> 0.10212766 | Z15: =tblExpenses[[#This Row],[Sep]]/tblExpenses[[#Totals],[Sep]] -> 0.069565217 | AA15: =tblExpenses[[#This Row],[Oct]]/tblExpenses[[#Totals],[Oct]] -> 0.084942085 | AB15: =tblExpenses[[#This Row],[Nov]]/tblExpenses[[#Totals],[Nov]] -> 0.023648649 | AC15: =tblExpenses[[#This Row],[Dic]]/tblExpenses[[#Totals],[Dic]] -> 0.077922078 | AD15: =tblExpenses[[#This Row],[Anualmente]]/tblExpenses[[#Totals],[Anualmente]] -> 0.055351784
B16: Seguro | D16: 12 | E16: 9 | F16: 16 | G16: 19 | H16: 25 | I16: 17 | J16: 20 | K16: 14 | L16: 5 | M16: 14 | N16: 5 | O16: 2 | P16: =SUM(tblExpenses[[#This Row],[Ene]:[Dic]]) -> 158 | Q16: 0.01 | R16: =tblExpenses[[#This Row],[Ene]]/tblExpenses[[#Totals],[Ene]] -> 0.050847458 | S16: =tblExpenses[[#This Row],[Feb]]/tblExpenses[[#Totals],[Feb]] -> 0.043902439 | T16: =tblExpenses[[#This Row],[Mar]]/tblExpenses[[#Totals],[Mar]] -> 0.064257028 | U16: =tblExpenses[[#This Row],[Abr]]/tblExpenses[[#Totals],[Abr]] -> 0.072796935 | V16: =tblExpenses[[#This Row],[May]]/tblExpenses[[#Totals],[May]] -> 0.097276265 | W16: =tblExpenses[[#This Row],[Jun]]/tblExpenses[[#Totals],[Jun]] -> 0.062043796 | X16: =tblExpenses[[#This Row],[Jul]]/tblExpenses[[#Totals],[Jul]] -> 0.07518797 | Y16: =tblExpenses[[#This Row],[Ago]]/tblExpenses[[#Totals],[Ago]] -> 0.059574468 | Z16: =tblExpenses[[#This Row],[Sep]]/tblExpenses[[#Totals],[Sep]] -> 0.02173913 | AA16: =tblExpenses[[#This Row],[Oct]]/tblExpenses[[#Totals],[Oct]] -> 0.054054054 | AB16: =tblExpenses[[#This Row],[Nov]]/tblExpenses[[#Totals],[Nov]] -> 0.016891892 | AC16: =tblExpenses[[#This Row],[Dic]]/tblExpenses[[#Totals],[Dic]] -> 0.0086580087 | AD16: =tblExpenses[[#This Row],[Anualmente]]/tblExpenses[[#Totals],[Anualmente]] -> 0.052684228
... B23: Varios (no especificado) | D23: 8 | E23: 20 | F23: 11 | G23: 11 | H23: 11 | I23: 20 | J23: 12 | K23: 16 | L23: 5 | M23: 7 | N23: 21 | O23: 3 | P23: =SUM(tblExpenses[[#This Row],[Ene]:[Dic]]) -> 145 | Q23: 0.02 | R23: =tblExpenses[[#This Row],[Ene]]/tblExpenses[[#Totals],[Ene]] -> 0.033898305 | S23: =tblExpenses[[#This Row],[Feb]]/tblExpenses[[#Totals],[Feb]] -> 0.097560976 | T23: =tblExpenses[[#This Row],[Mar]]/tblExpenses[[#Totals],[Mar]] -> 0.044176707 | U23: =tblExpenses[[#This Row],[Abr]]/tblExpenses[[#Totals],[Abr]] -> 0.042145594 | V23: =tblExpenses[[#This Row],[May]]/tblExpenses[[#Totals],[May]] -> 0.042801556 | W23: =tblExpenses[[#This Row],[Jun]]/tblExpenses[[#Totals],[Jun]] -> 0.072992701 | X23: =tblExpenses[[#This Row],[Jul]]/tblExpenses[[#Totals],[Jul]] -> 0.045112782 | Y23: =tblExpenses[[#This Row],[Ago]]/tblExpenses[[#Totals],[Ago]] -> 0.068085106 | Z23: =tblExpenses[[#This Row],[Sep]]/tblExpenses[[#Totals],[Sep]] -> 0.02173913 | AA23: =tblExpenses[[#This Row],[Oct]]/tblExpenses[[#Totals],[Oct]] -> 0.027027027 | AB23: =tblExpenses[[#This Row],[Nov]]/tblExpenses[[#Totals],[Nov]] -> 0.070945946 | AC23: =tblExpenses[[#This Row],[Dic]]/tblExpenses[[#Totals],[Dic]] -> 0.012987013 | AD23: =tblExpenses[[#This Row],[Anualmente]]/tblExpenses[[#Totals],[Anualmente]] -> 0.04834945
B24: GASTOS TOTALES | D24: =SUBTOTAL(109,tblExpenses[Ene]) -> 236 | E24: =SUBTOTAL(109,tblExpenses[Feb]) -> 205 | F24: =SUBTOTAL(109,tblExpenses[Mar]) -> 249 | G24: =SUBTOTAL(109,tblExpenses[Abr]) -> 261 | H24: =SUBTOTAL(109,tblExpenses[May]) -> 257 | I24: =SUBTOTAL(109,tblExpenses[Jun]) -> 274 | J24: =SUBTOTAL(109,tblExpenses[Jul]) -> 266 | K24: =SUBTOTAL(109,tblExpenses[Ago]) -> 235 | L24: =SUBTOTAL(109,tblExpenses[Sep]) -> 230 | M24: =SUBTOTAL(109,tblExpenses[Oct]) -> 259 | N24: =SUBTOTAL(109,tblExpenses[Nov]) -> 296 | O24: =SUBTOTAL(109,tblExpenses[Dic]) -> 231 | P24: =SUBTOTAL(109,tblExpenses[Anualmente]) -> 2999 | Q24: =SUBTOTAL(109,tblExpenses[Porcentaje de índice]) -> 1 | R24: =SUBTOTAL(109,tblExpenses[Ene %]) -> 1 | S24: =SUBTOTAL(109,tblExpenses[Feb %]) -> 1 | T24: =SUBTOTAL(109,tblExpenses[Mar %]) -> 1 | U24: =SUBTOTAL(109,tblExpenses[Abr %]) -> 1 | V24: =SUBTOTAL(109,tblExpenses[May %]) -> 1 | W24: =SUBTOTAL(109,tblExpenses[Jun %]) -> 1 | X24: =SUBTOTAL(109,tblExpenses[Jul %]) -> 1 | Y24: =SUBTOTAL(109,tblExpenses[Ago %]) -> 1 | Z24: =SUBTOTAL(109,tblExpenses[Sep %]) -> 1 | AA24: =SUBTOTAL(109,tblExpenses[Oct %]) -> 1 | AB24: =SUBTOTAL(109,tblExpenses[Nov %]) -> 1 | AC24: =SUBTOTAL(109,tblExpenses[Dic %]) -> 1 | AD24: =SUBTOTAL(109,tblExpenses[Porcentaje anual]) -> 1
B26: Beneficio neto | D26: ='Costo de ventas'!$D$14-tblExpenses[[#Totals],[Ene]] -> 123 | E26: ='Costo de ventas'!E14-tblExpenses[[#Totals],[Feb]] -> 175 | F26: ='Costo de ventas'!F14-tblExpenses[[#Totals],[Mar]] -> 256 | G26: ='Costo de ventas'!G14-tblExpenses[[#Totals],[Abr]] -> 109 | H26: ='Costo de ventas'!H14-tblExpenses[[#Totals],[May]] -> 156 | I26: ='Costo de ventas'!I14-tblExpenses[[#Totals],[Jun]] -> -8 | J26: ='Costo de ventas'!J14-tblExpenses[[#Totals],[Jul]] -> 32 | K26: ='Costo de ventas'!K14-tblExpenses[[#Totals],[Ago]] -> 214 | L26: ='Costo de ventas'!L14-tblExpenses[[#Totals],[Sep]] -> 100 | M26: ='Costo de ventas'!M14-tblExpenses[[#Totals],[Oct]] -> 148 | N26: ='Costo de ventas'!N14-tblExpenses[[#Totals],[Nov]] -> 179 | O26: ='Costo de ventas'!O14-tblExpenses[[#Totals],[Dic]] -> 359 | P26: =SUM(D26:O26) -> 1843 | R26: =D26/$P$26 -> 0.066739012 | S26: =E26/$P$26 -> 0.09495388 | T26: =F26/$P$26 -> 0.13890396 | U26: =G26/$P$26 -> 0.059142702 | V26: =H26/$P$26 -> 0.084644601 | W26: =I26/$P$26 -> -0.0043407488 | X26: =J26/$P$26 -> 0.017362995 | Y26: =K26/$P$26 -> 0.11611503 | ... AD26: =P26/$P$26 -> 1
